 Dungeon Crawl Stone Soup version 0.31-a0-217-g58bb5d79cf (webtiles) character file.

Game seed: 14724198447536404817

144 ketsa the Cudgeller (level 5, -3/33 HPs)
             Began as a Gargoyle Monk on July 2, 2023.
             Killed by divine providence
             ... invoked by an orc priest
              (10 damage)
             ... on level 3 of the Dungeon.
             The game lasted 00:08:17 (2151 turns).

ketsa the Cudgeller (Gargoyle Monk)                 Turns: 2151, Time: 00:08:17

Health: -3/33      AC: 10    Str: 16    XL:     5   Next: 27%
Magic:  5/5        EV: 13    Int: 14    God:
Gold:   75         SH:  0    Dex: 17    Spells: 4/4 levels left

rFire   . . .        a - +0 mace
rCold   + . .        d - orb {light}
rNeg    + . .        b - +0 robe
rPois   ∞            c - +0 helmet
rElec   +            (no cloak)
rCorr   .            k - +0 pair of gloves
SInv    .            (no boots)
Will    .....        (no amulet)
Stlth   +            g - ring of protection from cold
HPRegen 0.25/turn    n - +6 ring of dexterity
MPRegen 0.09/turn

%: no passive effects
@: attractive, hasted, glowing, invisible (but backlit and visible), very quick
A: sickness immunity, AC +4, negative energy resistance 1, electricity
resistance, torment resistance 1, petrification resistance, iridescent scales 1,
clever 1
a: no special abilities


You were on level 3 of the Dungeon.
You visited 1 branch of the dungeon, and saw 3 of its levels.

You collected 75 gold pieces.

Inventory:

Hand Weapons
 a - a +0 mace (weapon)
 p - a +0 whip of electrocution
Missiles
 h - 41 stones
 r - 4 silver boomerangs
 s - 3 boomerangs
Armour
 b - a +0 robe (worn)
 c - a +0 helmet (worn)
 d - an orb of light (worn)
 k - a +0 pair of gloves (worn)
Jewellery
 g - a ring of protection from cold (left hand)
 n - a +6 ring of dexterity (right hand)
Scrolls
 m - a scroll of identify {unknown}
 o - a scroll of silence {unknown}
 q - a scroll of enchant weapon {unknown}
 t - a scroll of amnesia {unknown}
 u - a scroll of enchant armour {unknown}
 w - a scroll of poison {unknown}
Potions
 e - a potion of haste
 f - a potion of mutation
 i - a potion of magic
 v - a potion of cancellation {unknown}


   Skills:
 + Level 4.2 Fighting
 * Level 4.6 Maces & Flails
 + Level 2.3 Armour
 - Level 2.4 Dodging


You had 4 spell levels left.
You didn't know any spells.
Your spell library contained the following spells:

 Spells                   Type           Power      Damage    Failure   Level
 Magic Dart               Conj           0%         1d3       28%         1
 Poisonous Vapours        Pois/Air       0%         N/A       41%         2
 Searing Ray              Conj           0%         2d4       41%         2
 Mephitic Cloud           Conj/Pois/Air  0%         N/A       65%         3
 Summon Guardian Golem    Hex/Summ       0%         N/A       65%         3
 Tukima's Dance           Hex            0%         N/A       65%         3
 Animate Dead             Necr           0%         N/A       96%         4
 Fulminant Prism          Conj/Hex       0%         3d5       96%         4
 Passage of Golubria      Tloc           0%         N/A       96%         4
 Freezing Cloud           Conj/Ice/Air   0%         6-21      100%        5
 Yara's Violent Unravell  Hex/Tmut       0%         3d3       100%        5
 Haunt                    Necr/Summ      0%         N/A       100%        7
 Orb of Destruction       Conj           0%         9d5       100%        7
 Spellforged Servitor     Conj/Summ      0%         N/A       100%        7
 Infestation              Necr           0%         N/A       100%        8


Dungeon Overview and Level Annotations

Branches:
Dungeon (3/15)

Altars:
Elyvilon

Shops:
D:3 !


Innate Abilities, Weirdness & Mutations

You are immune to sickness and miasma.
Your stone body is resilient. (AC +4)
You are immune to poison.
You resist negative energy. (rN+)
You are resistant to electric shocks. (rElec)
You are resistant to unholy torment.
You are immune to petrification.
You are partially covered in iridescent scales. (AC +2)
Your mind is acute. (Int +4, Str/Dex -1)


Message History

The magic dart hits you but does no damage.
The orc wizard points at you and mumbles some strange words.
You are more confused.
The orc barely misses you.
The orc priest hits you but does no damage.
The orc wizard closely misses you.
You bump into the rock wall.
You're too confused to move!
The orc wizard hits you but does no damage.
The orc priest invokes the aid of Beogh against you.
You barely resist. You hit the orc.
The orc is lightly wounded.
The orc priest completely misses you. The orc wizard completely misses you.
You hit the orc.
The orc is heavily wounded.
The orc wizard gestures at you while chanting.
The puff of flame hits you. The orc hits you but does no damage.
The orc priest closely misses you.
You are too confused!
You see here a +0 short sword.
The orc priest calls down the wrath of Beogh upon you.
Beogh smites you!
* * * LOW HITPOINT WARNING * * *
It was a potion of attraction.
You feel attractive to monsters.
You feel less confused.
The orc wizard hits you but does no damage.
The orc is attracted toward you. The orc priest is attracted toward you.
The orc wizard is attracted toward you.
It was a potion of invisibility.
You become transparent, but the glow from your halo prevents you from becoming completely invisible.
The orc wizard mumbles some strange words.
The orc wizard flickers and vanishes!
Deactivating autopickup; reactivate with Ctrl-A.
The orc wizard casts a spell.
The orc wizard flickers and vanishes for a moment.
The orc wizard is attracted toward you.
The orc priest mumbles some strange prayers to Beogh against you.
Beogh smites you!
You die...

#...#####...#.....♣.♣....P♣.♣
....#######.####'.P.♣♣P..♣♣.P#
.....................♣♣.♣♣.P.#
....#######.......~~...P..P~~#
....# #....^..~~..♣♣♣. ≈≈#
....# #####.#+#..### ### ....#
#...........# ....#
#...........#
.#.#######......@....#
.#.##...........o#####
.#.##.........o>##
.#.##.......).o.##
.#.##..........{.#
.#.........#####§##
.#########.# ##...##
........<#####..§..##
.######### #.....$.#


You could see an orc priest, an orc wizard (invisible) and an orc.

Vanquished Creatures
  A hound (D:2)
  Robin (D:2)
  3 adders
  A worm (D:3)
  A dart slug (D:1)
  5 endoplasms
  2 giant cockroaches
  14 goblins
  11 hobgoblins
  6 jackals (D:1)
  3 quokkas
  5 ball pythons
  A bat (D:2)
  2 frilled lizards (D:1)
  4 kobolds
  8 rats
68 creatures vanquished.

Vanquished Creatures (others)
  A butterfly (D:3)
1 creature vanquished.

Grand Total: 69 creatures vanquished

Notes
Turn   | Place    | Note
-------+----------+-------------------------------------------
     0 | D:1      | ketsa the Gargoyle Monk began the quest for the Orb.
     0 | D:1      | Reached XP level 1. HP: 14/14 MP: 1/1
    84 | D:1      | Reached XP level 2. HP: 16/19 MP: 2/2
   177 | D:1      | Reached skill level 1 in Armour
   275 | D:1      | Reached XP level 3. HP: 23/23 MP: 3/3
   807 | D:2      | Reached XP level 4. HP: 21/29 MP: 4/4
  1093 | D:2      | Noticed Robin
  1185 | D:2      | Killed Robin
  1186 | D:2      | Reached XP level 5. HP: 17/33 MP: 5/5
  1605 | D:3      | Found Wup Wuho's Distillery.
  1920 | D:3      | Found a white marble altar of Elyvilon.
  2116 | D:3      | Gained mutation: Your mind is acute. (Int +4, Str/Dex -1)
                  | [potion of mutation]
  2116 | D:3      | Gained mutation: You are partially covered in iridescent
                  | scales. (AC +2) [potion of mutation]
  2151 | D:3      | Killed from afar by an orc priest

Illustrated notes

Levels and vault maps discovered:
D:1:      lemuel_arrival_muddy, layout_basic
D:2:      layout_loops_ring, uniq_robin
D:3:      layout_basic, nicolae_elyvilon_peaceful_grove, fedhas_altar_1,
          serial_shops, shop, serial_rivers, chequers_serial_rivers_small_3,
          chequers_serial_rivers_room_a, chequers_serial_rivers_large_a,
          chequers_serial_rivers_large_b, nicolae_figureground_pulse

Skill      XL: |  1  2  3  4 |
---------------+-------------+-----
Armour         | 1 2 |  2.3
Maces & Flails | 4 |  4.6
Fighting       | 4 |  4.2
Dodging        | |  2.4

Action                     |  1- 3 |  4- 6 || total
---------------------------+-------+-------++-------
  Melee: Mace              |    88 |   101 ||   189
    Use: Potion            |       |     6 ||     6
 Armour: Robe              |    26 |    44 ||    70
  Dodge: Dodged            |    71 |    98 ||   169

Table legend: (Time is in decaauts)
 A = Elapsed time spent in this place.
 B = Non-inter-level travel time spent in this place.
 C = Inter-level travel time spent in this place.
 D = Time resting spent in this place.
 E = Time spent auto-exploring this place.
 F = Levels seen in this place.
 G = Mean time per level.
                   A        B        C        D        E       F      G
               +--------+--------+--------+--------+--------+-----+--------+
         Total |   2210 |   2158 |     52 |      4 |   1281 |   3 |  736.7 |
       Dungeon |   2210 |   2158 |     52 |      4 |   1281 |   3 |  736.7 |
               +--------+--------+--------+--------+--------+-----+--------+

Top non-repeatable levels by time:
     D:2: 859 daAuts
     D:1: 733 daAuts
     D:3: 617 daAuts
